[Event "76th Montenegro Championship 2024"]
[Site "Podgorica"]
[Date "2024.02.15"]
[Round "11.12"]
[White "Sukovic, Andrej"]
[Black "Miletic, Vuk"]
[Result "1-0"]
[ECO "B22"]
[WhiteElo "2339"]
[BlackElo "2213"]
[Annotator "TA"]
[PlyCount "95"]
[EventDate "2024.02.06"]
[EventType "swiss"]
[EventCountry "MNE"]
[SourceTitle "playchess.com"]
[Source "ChessBase"]
[SourceQuality "1"]
[TimeControl "40/5400+30:1800+30"]

1. e4 c5 2. c3 Nf6 3. e5 Nd5 4. Nf3 Nc6 5. Bc4 Nb6 6. Bb3 c4 7. Bc2 d6 8. exd6 Qxd6 9. O-O g6 10. Na3 Bf5 11. Bxf5 gxf5 {[%emt 0:00:01] Weiß steht etwas besser.} 12. b3 cxb3 13. axb3 Bg7 14. d4 O-O 15. Nc4 Nxc4 16. bxc4 Rfe8 17. Nh4 e6 18. Qh5 Qc7 (18... Ne7 $1 $14) 19. Re1 Ne7 20. Nf3 Ng6 $1 (20... Qxc4 $2 21. Ng5 $18) 21. c5 Qd7 22. Ng5 Nf8 23. Rb1 Rac8 24. Bf4 f6 25. Nf3 {[%emt 0:00:10] Weiß steht deutlich aktiver.} Ng6 {[%emt 0:00:04] Pariert Nh4.} 26. Bd6 Bf8 27. Bxf8 Rxf8 28. Qh6 Rc6 29. h4 b6 (29... Rf7 $16 30. c4 Qc7) 30. h5 $18 Ne7 (30... Nh8 {war einen Versuch wert.} 31. d5 exd5 32. cxb6 (32. Nd4 Nf7 $18) 32... axb6) 31. c4 bxc5 {[%emt 0:01:19] [#]} 32. d5 exd5 $11 33. Nh4 {[%emt 0:00:18] Weiss will Rb3 spielen.} Re6 34. Rxe6 Qxe6 35. Rb3 $40 {[%emt 0:00:02][%mdl 128] Weiss hat einigen Angriff.} f4 {[%emt 0:01:20] Lässt Rg3+ nicht zu} 36. Qxf4 {[%emt 0:01:42] Re3 wäre nun fies.} Qe1+ 37. Kh2 {[%emt 0:00:01][%mdl 1024] Weiss hat starke Kompensation.} Qe5 38. Rg3+ (38. Qxe5 {vereinfacht} fxe5 39. Rb7 Rf7 40. Rxa7 e4 41. cxd5 Nxd5 42. Ra8+) 38... Kh8 39. Qh6 Rg8 {[%emt 0:00:41][%mdl 8192] Es drohte Qg7+} (39... Rf7 $1 $11 {und Schwarz ist OK.}) 40. f4 $18 Qe6 {[%emt 0:00:00] Zielt auf ...Rxg3 ab.} 41. cxd5 Qd6 {[%emt 0:14:57] [#]} 42. Kh1 $1 {[%emt 0:15:10] Schwarz muss nun Re3 beachten.} c4 (42... Rxg3 $2 {zu gefräßig.} 43. Qf8+ Rg8 44. Ng6+ Nxg6 45. Qxd6) 43. Re3 {[%emt 0:01:45] jetzt Re6 und aus.} c3 (43... Rg7 $142 44. Re6 Qd7 45. Qxf6 (45. Rxf6 Kg8 $18) 45... Nxd5 46. Qf8+ (46. Qe5 Nc7 $18) 46... Rg8) 44. Rxc3 $2 (44. Re6 $18 {und der Rest ist Schweigen.} Qd7 45. Qxf6+ (45. Rxf6 $2 {ist das falsche Schlagen.} c2 $19) 45... Rg7 46. h6 (46. Qxc3 Nxd5 47. Qe5 Nc7 $18)) 44... Qa6 {[%emt 0:01:38] Verliert die Partie.} (44... Rg7 $16) 45. Rc7 {[%emt 0:04:01] Weiß setzt Matt.} Qf1+ 46. Kh2 Qf2 47. Ng6+ Rxg6 48. hxg6 {[%emt 0:00:07] Gewichteter Fehlerwert: Weiß=0.18 (sehr präzise) /Schwarz=0.41.  Verlustzug:     	---       	Schwarz=2     Gewinn verpasst:   	Weiß=2     	---        Fehler:       	Weiß=1     	Schwarz=4     Ungenau:       	Weiß=1     	Schwarz=3     OK:         	Weiß=16    	Schwarz=12    Bester:       	Weiß=5     	Schwarz=2     Stark:        	---       	Schwarz=1} 1-0

[Event "76th Montenegro Championship 2024"]
[Site "Podgorica"]
[Date "2024.02.15"]
[Round "11.13"]
[White "Skvortsov, Andrei"]
[Black "Krstonijevic, Stjepan"]
[Result "1-0"]
[ECO "B23"]
[WhiteElo "2307"]
[BlackElo "2108"]
[Annotator "TA"]
[PlyCount "107"]
[EventDate "2024.02.06"]
[EventType "swiss"]
[EventCountry "MNE"]
[SourceTitle "playchess.com"]
[Source "ChessBase"]
[SourceQuality "1"]
[TimeControl "40/5400+30:1800+30"]

1. e4 c5 2. Nc3 e6 3. d4 cxd4 4. Qxd4 Nc6 5. Qe3 d6 6. b3 Nf6 7. Bb2 a6 8. O-O-O {[%emt 0:00:19] The position is equal.} Be7 9. Kb1 Qc7 10. f4 O-O 11. Nf3 b5 12. Bd3 Nb4 13. e5 Ng4 ({Better is} 13... dxe5 $1 $15 14. Qxe5 Qb8) 14. Qe2 (14. Bxh7+ Kxh7 15. Qe4+ Kg8 16. exd6 (16. Qxa8 $2 d5 $19) 16... Bxd6 17. Rxd6 (17. Qxa8 Nxc2 18. Qe4 Nce3 $15) 17... Qxd6 $15) (14. Qe1 $14) 14... Nxd3 $11 15. Rxd3 {[%emt 0:01:36] [#] Ng5 would now be deadly.} dxe5 16. fxe5 Bb7 17. Re1 b4 18. Na4 Bc6 ({Black should play} 18... a5 $15) 19. Nd4 $1 $14 Nh6 (19... Nxh2 $2 20. Nxc6 Qxc6 21. Rh1 $18) 20. Nxc6 Qxc6 21. g4 $1 {[%emt 0:00:14] Prevents Nf5} Rfd8 22. Bd4 Rab8 23. Qe4 Rbc8 24. Re2 Qb5 {[%emt 0:03:49] Black is on the road to losing.} 25. h3 Rc7 26. Red2 Rdc8 27. Nb6 Rb8 28. Be3 Qc6 $2 (28... Rxb6 $2 29. Rd8+ (29. g5 Rb8 $14) 29... Bf8 30. Qa8 $18) (28... a5 {was called for.} 29. Nd7 Re8) 29. Qxc6 $18 Rxc6 30. Rd7 Kf8 31. Ra7 {[%emt 0:00:47] [#] Black must now prevent Nd7+.} Ke8 32. Rdd7 (32. Rxa6 Bd8 $18) 32... Ng8 33. Nc4 (33. Rxa6 Rbxb6 (33... Rcxb6 34. Rxe7+ Nxe7 35. Bxb6 $18) 34. Rxe7+ Nxe7 $18) 33... f6 34. Bf4 {[%emt 0:03:56] Hoping for exf6.} Bc5 $2 (34... Rd8 35. Rxd8+ (35. Rdb7 Bc5 $18) 35... Kxd8 36. Ra8+ Rc8) 35. Rdc7 (35. Nd6+ $142 Rxd6 36. exd6 Bxa7 37. Rxg7 (37. Rxa7 e5 $18)) 35... Rxc7 36. Rxc7 Be7 37. exf6 Bxf6 38. g5 Bc3 (38... Bd4 {might work better.} 39. Nd6+ Kd8) 39. Ra7 e5 40. Bxe5 Bxe5 41. Nxe5 {[%emt 0:00:20][%mdl 4096] Endgame. KRN-KRN} Rb5 42. Ra8+ (42. Rxg7 Kf8 43. Rxh7 (43. Rf7+ Ke8 $11) 43... Rxe5 $17) 42... Ke7 43. Nc4 (43. Rxg8 Rxe5 44. Rxg7+ Kf8 $18) 43... Rxg5 44. Rxg8 {[%emt 0:02:54] KRN-KR} Kf7 45. Rd8 Rg3 46. Rd3 Rxd3 {[%emt 0:00:00] KR-KN} (46... Rg5 $142 47. Kb2 h5) 47. Ne5+ Ke6 48. Nxd3 {[%emt 0:00:04] KN-KP} g5 49. Kc1 h5 50. Kd2 a5 51. Ke3 Kd5 52. Nf2 {[%emt 0:00:43] White wants to mate with Ne4.} Ke5 53. Ne4 g4 54. h4 {[%emt 0:42:28] Weighted Error Value: White=0.26 (precise) /Black=0.42.  Mistake:       	White=2     	Black=6      Inaccurate:     	---       	Black=1      OK:         	White=17    	Black=9      Best:        	White=4     	Black=4      Strong:       	White=2     	---} 1-0

[Event "76th Montenegro Championship 2024"]
[Site "Podgorica"]
[Date "2024.02.15"]
[Round "11.14"]
[White "Loncar, Milenko"]
[Black "Musovic, Armin"]
[Result "0-1"]
[ECO "A05"]
[WhiteElo "2026"]
[BlackElo "2268"]
[Annotator "NA RC"]
[PlyCount "70"]
[EventDate "2024.02.06"]
[EventType "swiss"]
[EventCountry "MNE"]
[SourceTitle "playchess.com"]
[Source "ChessBase"]
[SourceQuality "1"]
[TimeControl "40/5400+30:1800+30"]

1. Nf3 Nf6 2. g3 g6 3. Bg2 Bg7 4. d3 O-O 5. Bd2 Re8 6. e4 d6 7. e5 Ng4 8. Bc3 Nxe5 9. Nxe5 dxe5 10. Qe2 Nc6 11. Bxc6 bxc6 12. Nd2 Qd5 13. f3 Bh3 14. g4 Bxg4 15. O-O-O Bh5 16. Kb1 Rab8 17. b3 a5 18. Rde1 f6 19. a4 Rb7 20. Qe4 Bh6 21. Rhf1 Bf4 22. Re2 g5 23. Nc4 Ra8 24. Rg2 Bg6 25. Qxd5+ cxd5 26. Nxa5 Rb6 27. b4 Rxa5 28. Rh1 Rxa4 29. h4 d4 30. Be1 Rba6 31. b5 Ra1+ 32. Kb2 R6a4 33. Kb3 Bf7+ 34. c4 dxc3+ 35. Kxc3 R1a3+ 0-1

[Event "76th Montenegro Championship 2024"]
[Site "Podgorica"]
[Date "2024.02.15"]
[Round "11.15"]
[White "Milovic, Ilija"]
[Black "Pobor, Milo"]
[Result "1/2-1/2"]
[ECO "D20"]
[WhiteElo "1823"]
[BlackElo "2201"]
[Annotator "RC"]
[PlyCount "99"]
[EventDate "2024.02.06"]
[EventType "swiss"]
[EventCountry "MNE"]
[SourceTitle "playchess.com"]
[Source "ChessBase"]
[SourceQuality "1"]
[TimeControl "40/5400+30:1800+30"]

1. d4 d5 2. c4 dxc4 3. e4 e5 4. Nf3 Bb4+ 5. Nc3 exd4 6. Nxd4 Nd7 7. Bxc4 Ngf6 8. f3 O-O 9. O-O c6 10. Be3 Nb6 11. Be2 Qe7 12. Bf2 Bd6 13. Qd2 Qc7 14. g3 Bh3 15. Rfd1 Rad8 16. a4 Nc8 17. Qg5 Ne7 18. Rac1 Qb8 19. Qd2 Ng6 20. Qc2 Rfe8 21. f4 Ng4 22. Bxg4 Bxg4 23. Re1 Bb4 24. Kg2 Bd7 25. Rcd1 Qc8 26. Nf5 b6 27. Kg1 Be6 28. Rxd8 Rxd8 29. Rd1 Rxd1+ 30. Nxd1 Bxf5 31. exf5 Ne7 32. Qe4 Bd6 33. Ne3 Bc5 34. Kg2 Bxe3 35. Qxe7 Bxf2 36. Kxf2 a6 37. f6 gxf6 38. Qxf6 Qd7 39. Qg5+ Kf8 40. Qf6 Qd2+ 41. Kf3 Qd5+ 42. Kf2 h5 43. Qe5 Qd2+ 44. Kg1 Qd1+ 45. Kg2 Qxa4 46. Qb8+ Kg7 47. Qe5+ Kf8 48. Qb8+ Kg7 49. Qe5+ Kf8 50. Qb8+ 1/2-1/2

[Event "76th Montenegro Championship 2024"]
[Site "Podgorica"]
[Date "2024.02.15"]
[Round "11.17"]
[White "Zivkovic, Slaven"]
[Black "Koljevic, Nikolina"]
[Result "0-1"]
[ECO "B31"]
[WhiteElo "1899"]
[BlackElo "1974"]
[Annotator "NA RC"]
[PlyCount "36"]
[EventDate "2024.02.06"]
[EventType "swiss"]
[EventCountry "MNE"]
[SourceTitle "playchess.com"]
[Source "ChessBase"]
[SourceQuality "1"]
[TimeControl "40/5400+30:1800+30"]

1. e4 c5 2. Nf3 Nc6 3. Bb5 g6 4. O-O Bg7 5. c3 e5 6. Re1 Nge7 7. d3 O-O 8. Be3 d6 9. d4 cxd4 10. cxd4 Bg4 11. d5 Nd4 12. Bxd4 exd4 13. Bd3 Bxf3 14. Qxf3 f5 15. Qh3 fxe4 16. Qe6+ Kh8 17. Rxe4 Nf5 18. Nd2 Rf6 0-1